| TOP OF THE 1ST |
|
University of Georgia Bulldogs batting - Pitching for University of Maine Black Bears : RHP Etienne Verburg
|
|
Pitching: RHP Etienne Verburg
|
|
|
Batting: RHB Jeff Wornick
|
0-0: Ball 1-0: Foul Ball, location: 2F 1-1: Ball 2-1: Ball 3-1: Base on Balls
|
|
Batting: RHB Nate McCormick
|
0-0: Called Strike 0-1: Called Strike 0-2: Fly out, F8 (Line Drive, 8LD, EV 87.5 MPH)
|
|
Batting: RHB Charlie Davison
|
0-0: Ball 1-0: Ball Jeff Wornick steals 2nd base 2-0: Called Strike 2-1: Foul Ball, location: 2F 2-2: Foul Ball, location: 2F 2-2: DOUBLE (Line Drive, 89XD, EV 112.5 MPH) Jeff Wornick scores
|
|
Batting: LHB Luis Mejia
|
0-0: Ball 1-0: Called Strike 1-1: Ball 2-1: Swinging Strike 2-2: Foul Ball, location: 2F 2-2: Strikes out swinging
|
|
Batting: RHB Javier Alcorta
|
0-0: Called Strike 0-1: Ball 1-1: Swinging Strike 1-2: Ball 2-2: Ball 3-2: Fly out, F7 (Flyball, 78S, EV 95.6 MPH)
|
| Top of the 1st over - 1 run, 1 hit, 0 errors, 1 left on base; University of Georgia 1 - University of Maine 0 |
| BOTTOM OF THE 1ST |
|
University of Maine Black Bears batting - Pitching for University of Georgia Bulldogs : LHP Aloiki Orana
|
|
Pitching: LHP Aloiki Orana
|
|
|
Batting: SHB Ron Handford
|
0-0: Foul Ball, location: 2F 0-1: Ball 1-1: Foul Ball, location: 2F 1-2: Ball 2-2: Foul Ball, location: 2F 2-2: Foul Ball, location: 2F 2-2: Ball 3-2: Ground out 5-3 (Groundball, 56, EV 103.8 MPH)
|
|
Batting: LHB Carlos Rivera
|
0-0: Ball 1-0: Ball 2-0: Ball 3-0: Base on Balls
|
|
Batting: RHB Wang Huan
|
0-0: Ball 1-0: Ball 2-0: Swinging Strike 2-1: Ball 3-1: Foul Ball, location: 2F 3-2: DOUBLE (Groundball, 5L, EV 94.4 MPH) Carlos Rivera to third
|
|
Batting: RHB Jay Mellon
|
0-0: Ball 1-0: Foul Ball, location: 2F 1-1: Ball 2-1: Called Strike 2-2: Foul Ball, location: 2F 2-2: Strikes out swinging
|
|
Batting: RHB Geoffrey Gonzalez
|
0-0: Ball 1-0: Ball 2-0: Ball 3-0: Called Strike 3-1: Called Strike 3-2: Base on Balls
|
|
Batting: LHB Dave Aguilar
|
0-0: Ball 1-0: Ball 2-0: SINGLE (Groundball, 25, EV 64.4 MPH) (infield hit) Carlos Rivera scores Wang Huan to third Geoffrey Gonzalez to second
|
|
Batting: RHB Dave MacAulay
|
0-0: Ball Wild Pitch! Wang Huan scores Geoffrey Gonzalez to third Dave Aguilar to second 1-0: Ball 2-0: Swinging Strike 2-1: Foul Ball, location: 2F 2-2: Foul Ball, location: 2F 2-2: Strikes out swinging
|
| Bottom of the 1st over - 2 runs, 2 hits, 0 errors, 2 left on base; University of Georgia 1 - University of Maine 2 |
| TOP OF THE 2ND |
|
University of Georgia Bulldogs batting - Pitching for University of Maine Black Bears : RHP Etienne Verburg
|
|
Batting: LHB Cole Sanchez
|
0-0: Called Strike 0-1: Foul Ball, location: 2F 0-2: Ball 1-2: Ball 2-2: Foul Ball, location: 2F 2-2: Fly out, F7 (Flyball, 78D, EV 98.8 MPH)
|
|
Batting: RHB Pete Goerge
|
0-0: Ball 1-0: Ball 2-0: Called Strike 2-1: Ball 3-1: Swinging Strike 3-2: Strikes out swinging
|
|
Batting: LHB Milton Yeo
|
0-0: Ground out 4-3 (Groundball, 34D, EV 103.8 MPH)
|
| Top of the 2nd over - 0 runs, 0 hits, 0 errors, 0 left on base; University of Georgia 1 - University of Maine 2 |
| BOTTOM OF THE 2ND |
|
University of Maine Black Bears batting - Pitching for University of Georgia Bulldogs : LHP Aloiki Orana
|
|
Batting: SHB Mario Barajas
|
0-0: Called Strike 0-1: Reached on error, E5 (Groundball, 56, EV 91.2 MPH)
|
|
Batting: LHB John Harvey
|
0-0: Ball 1-0: Ball 2-0: Called Strike 2-1: Foul Ball, location: 2F 2-2: Foul Ball, location: 2F 2-2: SINGLE (Groundball, 34D, EV 106.9 MPH) Mario Barajas to third
|
|
Batting: SHB Ron Handford
|
0-0: Ball 1-0: Fielders Choice at 2nd, 1-6 (Groundball, 34S, EV 73.1 MPH)
|
|
Batting: LHB Carlos Rivera
|
0-0: Called Strike 0-1: Foul Ball, location: 2F 0-2: Ball 1-2: Ball 2-2: Strikes out swinging
|
|
Batting: RHB Wang Huan
|
0-0: Called Strike 0-1: Swinging Strike 0-2: Ball 1-2: Foul Ball, location: 2F 1-2: Fly out, F8 (Flyball, 8LS, EV 90.6 MPH)
|
| Bottom of the 2nd over - 0 runs, 1 hit, 1 error, 2 left on base; University of Georgia 1 - University of Maine 2 |
| TOP OF THE 3RD |
|
University of Georgia Bulldogs batting - Pitching for University of Maine Black Bears : RHP Etienne Verburg
|
|
Batting: RHB Josh Cavaleri
|
0-0: Ball 1-0: Swinging Strike 1-1: Called Strike 1-2: Ball 2-2: Ball 3-2: Strikes out swinging
|
|
Batting: RHB Jeff Wornick
|
0-0: Foul Ball, location: 2F 0-1: Ball 1-1: Ball 2-1: Ground out 6-3 (Groundball, 6, EV 77.5 MPH)
|
|
Batting: RHB Nate McCormick
|
0-0: Ball 1-0: Foul Ball, location: 2F 1-1: Called Strike 1-2: Ball 2-2: Ball 3-2: Foul Ball, location: 2F 3-2: Foul Ball, location: 2F 3-2: Strikes out swinging
|
| Top of the 3rd over - 0 runs, 0 hits, 0 errors, 0 left on base; University of Georgia 1 - University of Maine 2 |
| BOTTOM OF THE 3RD |
|
University of Maine Black Bears batting - Pitching for University of Georgia Bulldogs : LHP Aloiki Orana
|
|
Batting: RHB Jay Mellon
|
0-0: Ball 1-0: Called Strike 1-1: Foul Ball, location: 2F 1-2: SOLO HOME RUN (Flyball, 89XD, EV 112.5 MPH), Distance : 436 ft
|
|
Batting: RHB Geoffrey Gonzalez
|
0-0: Called Strike 0-1: Called Strike 0-2: Ball 1-2: Ball 2-2: Strikes out looking
|
|
Batting: LHB Dave Aguilar
|
0-0: DOUBLE (Line Drive, 89M, EV 98.1 MPH)
|
|
Batting: RHB Dave MacAulay
|
0-0: Called Strike 0-1: Ground out 5-3 (Groundball, 56, EV 111.2 MPH)
|
|
Batting: SHB Mario Barajas
|
0-0: Called Strike 0-1: Foul Ball, location: 2F 0-2: Strikes out looking
|
| Bottom of the 3rd over - 1 run, 2 hits, 0 errors, 1 left on base; University of Georgia 1 - University of Maine 3 |
| TOP OF THE 4TH |
|
University of Georgia Bulldogs batting - Pitching for University of Maine Black Bears : RHP Etienne Verburg
|
|
Batting: RHB Charlie Davison
|
0-0: Called Strike 0-1: Swinging Strike 0-2: Strikes out swinging
|
|
Batting: LHB Luis Mejia
|
0-0: Ball 1-0: Called Strike 1-1: Ball 2-1: Called Strike 2-2: Ball 3-2: Base on Balls
|
|
Batting: RHB Javier Alcorta
|
0-0: Swinging Strike 0-1: Foul Ball, location: 2F 0-2: Ball 1-2: Strikes out looking
|
|
Batting: LHB Cole Sanchez
|
0-0: Ball 1-0: Foul Ball, location: 2F 1-1: Hit by Pitch Luis Mejia to second
|
|
Batting: RHB Pete Goerge
|
0-0: Called Strike 0-1: Ball 1-1: Ball 2-1: Foul Ball, location: 2F 2-2: Ball 3-2: Foul Ball, location: 2F 3-2: Strikes out swinging
|
| Top of the 4th over - 0 runs, 0 hits, 0 errors, 2 left on base; University of Georgia 1 - University of Maine 3 |
| BOTTOM OF THE 4TH |
|
University of Maine Black Bears batting - Pitching for University of Georgia Bulldogs : LHP Aloiki Orana
|
|
Batting: LHB John Harvey
|
0-0: Ball 1-0: Ball 2-0: Ball 3-0: Called Strike 3-1: Foul Ball, location: 2F 3-2: Foul Ball, location: 2F 3-2: Strikes out looking
|
|
Pitching: RHP Pacu Panic
|
|
|
Batting: SHB Ron Handford
|
0-0: Ball 1-0: Swinging Strike 1-1: Swinging Strike 1-2: Foul Ball, location: 2F 1-2: Strikes out looking
|
|
Batting: LHB Carlos Rivera
|
0-0: Foul Ball, location: 2F 0-1: Foul Ball, location: 2F 0-2: Fly out, F4 (Line Drive, 4M, EV 72.5 MPH)
|
| Bottom of the 4th over - 0 runs, 0 hits, 0 errors, 0 left on base; University of Georgia 1 - University of Maine 3 |
| TOP OF THE 5TH |
|
University of Georgia Bulldogs batting - Pitching for University of Maine Black Bears : RHP Etienne Verburg
|
|
Pitching: RHP Jim Hodder
|
|
|
Batting: LHB Milton Yeo
|
0-0: Ball 1-0: Ball 2-0: Ground out U3 (Groundball, 13, EV 86.9 MPH)
|
|
Batting: RHB Josh Cavaleri
|
0-0: Ball 1-0: Bunt missed! 1-1: Swinging Strike 1-2: Ball 2-2: Foul Ball, location: 2F 2-2: Strikes out swinging
|
|
Batting: RHB Jeff Wornick
|
0-0: Foul Ball, location: 2F 0-1: Fly out, F6 (Popup, 6, EV 78.1 MPH)
|
| Top of the 5th over - 0 runs, 0 hits, 0 errors, 0 left on base; University of Georgia 1 - University of Maine 3 |
| BOTTOM OF THE 5TH |
|
University of Maine Black Bears batting - Pitching for University of Georgia Bulldogs : RHP Pacu Panic
|
|
Pitching: RHP Greg Hix
|
|
|
Batting: RHB Wang Huan
|
0-0: Called Strike 0-1: Called Strike 0-2: Ball 1-2: Foul Ball, location: 2F 1-2: Ball 2-2: SINGLE (Line Drive, 7S, EV 98.8 MPH)
|
|
Batting: RHB Jay Mellon
|
0-0: Ball Wang Huan steals 2nd base 1-0: Foul Ball, location: 2F 1-1: SINGLE (Groundball, 56D, EV 98.1 MPH) Wang Huan to third Runner from 3rd tries for Home, SAFE, throw by LF to home
|
|
Batting: RHB Geoffrey Gonzalez
|
0-0: Ball 1-0: Ball 2-0: Called Strike Jay Mellon steals 2nd base 2-1: SINGLE (Line Drive, 4D, EV 108.1 MPH) Jay Mellon to third
|
|
Batting: LHB Dave Aguilar
|
0-0: Ball 1-0: Swinging Strike 1-1: Foul Ball, location: 2F 1-2: Strikes out swinging
|
|
Batting: RHB Dave MacAulay
|
0-0: Foul Ball, location: 2F 0-1: DOUBLE (Groundball, 5L, EV 106.2 MPH) Jay Mellon scores Geoffrey Gonzalez to third
|
|
Batting: SHB Mario Barajas
|
0-0: Swinging Strike 0-1: Ball 1-1: Fly out, F5 (Popup, 5SF, EV 76.2 MPH)
|
|
Batting: LHB John Harvey
|
0-0: Ball 1-0: Called Strike 1-1: Swinging Strike 1-2: Strikes out swinging
|
| Bottom of the 5th over - 2 runs, 4 hits, 0 errors, 2 left on base; University of Georgia 1 - University of Maine 5 |
| TOP OF THE 6TH |
|
University of Georgia Bulldogs batting - Pitching for University of Maine Black Bears : RHP Jim Hodder
|
|
Batting: RHB Nate McCormick
|
0-0: Ball 1-0: Ball 2-0: Foul Ball, location: 2F 2-1: Fly out, F7 (Flyball, 7LD, EV 100.6 MPH)
|
|
Batting: RHB Charlie Davison
|
0-0: Foul Ball, location: 2F 0-1: Foul Ball, location: 2F 0-2: Ball 1-2: Foul Ball, location: 2F 1-2: Ball 2-2: Foul Ball, location: 2F 2-2: Foul Ball, location: 2F 2-2: Strikes out swinging
|
|
Batting: LHB Luis Mejia
|
0-0: Called Strike 0-1: Fly out, F7 (Flyball, 7, EV 76.2 MPH)
|
| Top of the 6th over - 0 runs, 0 hits, 0 errors, 0 left on base; University of Georgia 1 - University of Maine 5 |
| BOTTOM OF THE 6TH |
|
University of Maine Black Bears batting - Pitching for University of Georgia Bulldogs : RHP Greg Hix
|
|
Batting: SHB Ron Handford
|
0-0: Called Strike 0-1: Foul Ball, location: 2F 0-2: Fly out, F9 (Flyball, 89S, EV 83.1 MPH)
|
|
Batting: LHB Carlos Rivera
|
0-0: Called Strike 0-1: Ball 1-1: Ball 2-1: Called Strike 2-2: SINGLE (Groundball, 56D, EV 100.0 MPH)
|
|
Batting: RHB Wang Huan
|
0-0: Foul Ball, location: 2F 0-1: Ball 1-1: Swinging Strike 1-2: Strikes out looking
|
|
Batting: RHB Jay Mellon
|
0-0: Ball 1-0: Fielders Choice at 2nd, 5-4 (Groundball, 5L, EV 83.1 MPH)
|
| Bottom of the 6th over - 0 runs, 1 hit, 0 errors, 1 left on base; University of Georgia 1 - University of Maine 5 |
| TOP OF THE 7TH |
|
University of Georgia Bulldogs batting - Pitching for University of Maine Black Bears : RHP Jim Hodder
|
|
Now in LF: Frank Gould
|
|
|
Batting: RHB Javier Alcorta
|
0-0: DOUBLE (Flyball, 89D, EV 110.6 MPH)
|
|
Batting: LHB Cole Sanchez
|
0-0: Swinging Strike 0-1: Foul Ball, location: 2F 0-2: Ball 1-2: Strikes out looking
|
|
Pinch Hitting: LHB Bryan Ross
|
0-0: Ball 1-0: Called Strike 1-1: Foul Ball, location: 2F 1-2: Strikes out swinging
|
|
Batting: LHB Milton Yeo
|
0-0: Fly out, F7 (Line Drive, 7, EV 91.2 MPH)
|
| Top of the 7th over - 0 runs, 1 hit, 0 errors, 1 left on base; University of Georgia 1 - University of Maine 5 |
| BOTTOM OF THE 7TH |
|
University of Maine Black Bears batting - Pitching for University of Georgia Bulldogs : RHP Greg Hix
|
|
Pitching: LHP Bill McIntyre
|
|
|
Now at 1B: Casey Bass
|
|
|
Batting: RHB Geoffrey Gonzalez
|
0-0: Called Strike 0-1: Swinging Strike 0-2: Ball 1-2: SINGLE (Line Drive, 78M, EV 99.4 MPH)
|
|
Batting: LHB Dave Aguilar
|
0-0: Bunt missed! 0-1: Bunt missed! 0-2: Foul Ball, location: 2F 0-2: Foul Ball, location: 2F 0-2: Ground out 6-3 (Groundball, 6M, EV 104.4 MPH) Geoffrey Gonzalez to second
|
|
Batting: RHB Dave MacAulay
|
0-0: Ground out 4-3 (Groundball, 4S, EV 85.0 MPH) Geoffrey Gonzalez to third
|
|
Batting: SHB Mario Barajas
|
0-0: Foul Ball, location: 2F 0-1: Fly out, F9 (Flyball, 9, EV 85.0 MPH)
|
| Bottom of the 7th over - 0 runs, 1 hit, 0 errors, 1 left on base; University of Georgia 1 - University of Maine 5 |
| TOP OF THE 8TH |
|
University of Georgia Bulldogs batting - Pitching for University of Maine Black Bears : RHP Jim Hodder
|
|
Pitching: RHP Shizue Morimoto
|
|
|
Now at 1B: Mark Cozens
|
|
|
Pinch Hitting: LHB Andy Dyer
|
0-0: Called Strike 0-1: Foul Ball, location: 2F 0-2: Ground out 6-3 (Groundball, 6, EV 108.8 MPH)
|
|
Pinch Hitting: RHB Pat Svenson
|
0-0: Called Strike 0-1: Ground out 6-3 (Groundball, 6, EV 92.5 MPH)
|
|
Pinch Hitting: RHB Ed Howard
|
0-0: Ball 1-0: Swinging Strike 1-1: Called Strike 1-2: Strikes out swinging
|
| Top of the 8th over - 0 runs, 0 hits, 0 errors, 0 left on base; University of Georgia 1 - University of Maine 5 |
| BOTTOM OF THE 8TH |
|
University of Maine Black Bears batting - Pitching for University of Georgia Bulldogs : LHP Bill McIntyre
|
|
Now at 2B: Albert Rodriguez
|
|
|
Now at SS: James Warby
|
|
|
Now in CF: Edwin Zavala
|
|
|
Batting: LHB John Harvey
|
0-0: Called Strike 0-1: Ball 1-1: Ball 2-1: SINGLE (Line Drive, 8RS, EV 101.2 MPH)
|
|
Batting: SHB Ron Handford
|
0-0: Foul Ball, location: 2F 0-1: Swinging Strike 0-2: Ball 1-2: Foul Ball, location: 2F 1-2: Strikes out swinging
|
|
Batting: LHB Carlos Rivera
|
0-0: Fly out, F9 (Line Drive, 9S, EV 98.8 MPH)
|
|
Batting: RHB Wang Huan
|
0-0: Ball 1-0: Called Strike 1-1: Ball 2-1: Foul Ball, location: 2F 2-2: Fielders Choice at 2nd, 6-4 (Groundball, 6, EV 98.8 MPH)
|
| Bottom of the 8th over - 0 runs, 1 hit, 0 errors, 1 left on base; University of Georgia 1 - University of Maine 5 |
| TOP OF THE 9TH |
|
University of Georgia Bulldogs batting - Pitching for University of Maine Black Bears : RHP Shizue Morimoto
|
|
Pitching: RHP Tom Neft
|
|
|
Pinch Hitting: RHB Mike McElwee
|
0-0: Ground out 6-3 (Groundball, 6M, EV 85.0 MPH)
|
|
Batting: LHB Luis Mejia
|
0-0: Ball 1-0: Ball 2-0: Called Strike 2-1: Fly out, F8 (Flyball, 78D, EV 96.2 MPH)
|
|
Batting: RHB Javier Alcorta
|
0-0: Ball 1-0: Called Strike 1-1: Foul Ball, location: 2F 1-2: Ball 2-2: Ball 3-2: Foul Ball, location: 2F 3-2: Fly out, F3 (Popup, 3F, EV 69.4 MPH)
|
| Top of the 9th over - 0 runs, 0 hits, 0 errors, 0 left on base; University of Georgia 1 - University of Maine 5 |
|